 Dungeon Crawl Stone Soup version 0.31-a0-1237-gabc64e778c (webtiles) character file.

Game seed: 9769795752882117687

4589 LeprechaunX the Mimic (level 10, -2/68 HPs)
             Began as an Octopode Shapeshifter on Dec 15, 2023.
             Was a Believer of Ru.
             Slain by a two-headed ogre
             ... wielding a +0 giant spiked club
              (16 damage)
             ... on level 9 of the Dungeon.
             The game lasted 00:16:28 (9915 turns).

LeprechaunX the Mimic (Octopode Shapeshifter)       Turns: 9915, Time: 00:16:29

Health: -2/68      AC:  1    Str: 20    XL:     10   Next: 41%
Magic:  10/10      EV: 14    Int: 13    God:    Ru [**....]
Gold:   537        SH:  0    Dex: 15    Spells: 9/9 levels left

rFire   . .          .
                       - Unarmed
rCold   . . .        (no shield)
rNeg    + . .        (helmet currently unavailable)
rPois   .            (no amulet)
rElec   .            n - +6 ring of strength
rCorr   +            o - +4 ring of slaying
SInv    .            t - ring of positive energy
Will    .....        J - ring of resist corrosion
Stlth   ++           (no ring)
HPRegen 0.31/turn    (no ring)
MPRegen 0.12/turn    (no ring)
                     (no ring)

%: no passive effects
@: beast-form
A: beast (slay +4), almost no armour, amphibious, 8 rings, camouflage 1,
gelatinous body 1, disrupted magic 1, unskilled 1, (nimble swimmer 1), tentacles
a: Begin Untransformation, Renounce Religion


You were on level 9 of the Dungeon.
You worshipped Ru.
Ru was pleased with you.
You were a hulking beast.
You visited 2 branches of the dungeon, and saw 10 of its levels.
You also visited: Sewer.

You collected 537 gold pieces.

Inventory:

Hand Weapons
 a - a +0 sling
 L - a +4 vampiric spear
 P - a +0 orcbow
Missiles
 z - a throwing net
 C - 4 boomerangs
Armour
 q - an orb of wrath
Jewellery
 n - a +6 ring of strength (left tentacle)
 o - a +4 ring of slaying (right tentacle)
 t - a ring of positive energy (on tentacle)
 J - a ring of resist corrosion (on tentacle)
Talismans
 b - a beast talisman
 c - a flux talisman
 s - a blade talisman
 N - a granite talisman
Wands
 I - a wand of roots (9)
 K - a wand of acid (4) (quivered)
 O - a wand of flame (1)
Scrolls
 e - a scroll of enchant armour {unknown}
 g - 2 scrolls of vulnerability {unknown}
 i - a scroll of poison {unknown}
 j - 6 scrolls of identify {unknown}
 m - 3 scrolls of teleportation {unknown}
 p - a scroll of noise {unknown}
 x - a scroll of immolation {unknown}
 y - a scroll of torment {unknown}
 D - 3 scrolls of blinking {unknown}
 E - a scroll of butterflies {unknown}
 F - 3 scrolls of fear {unknown}
 H - a scroll of revelation {unknown}
Potions
 d - 3 potions of lignification
 f - a potion of might {unknown}
 h - 2 potions of heal wounds {unknown}
 k - 5 potions of mutation {unknown}
 l - 4 potions of brilliance {unknown}
 r - 2 potions of ambrosia {unknown}
 u - 3 potions of degeneration {unknown}
 v - a potion of curing {unknown}
 w - 2 potions of resistance {unknown}
 A - 2 potions of magic {unknown}
 B - 3 potions of attraction {unknown}
 G - a potion of haste {unknown}
Miscellaneous
 M - a phial of floods


   Skills:
 + Level 6.2 Fighting
 - Level 2.0 Ranged Weapons
 - Level 3.0 Throwing
 - Level 4.0 Dodging
 - Level 6.0 Unarmed Combat
 + Level 3.6 Evocations
 * Level 8.6 Shapeshifting


You had 9 spell levels left.
You didn't know any spells.
Your spell library contained the following spells:

 Spells                   Type           Power      Damage    Failure   Level
 Necrotise                Necr           0%         1d4       38%         1
 Sting                    Tmut/Pois      0%         1d3       38%         1
 Poisonous Vapours        Pois/Air       0%         N/A       52%         2
 Sublimation of Blood     Necr           0%         N/A       52%         2
 Tukima's Dance           Hex            0%         N/A       75%         3
 Vampiric Draining        Necr           0%         2d6       75%         3
 Olgreb's Toxic Radiance  Pois           0%         N/A       98%         4
 Passage of Golubria      Tloc           0%         N/A       98%         4
 Petrify                  Tmut/Erth      0%         N/A       98%         4
 Agony                    Necr           0%         N/A       100%        5
 Irradiate                Conj/Tmut      0%         3d11      100%        5
 Yara's Violent Unravell  Hex/Tmut       0%         3d3       100%        5


Dungeon Overview and Level Annotations

Branches:
Dungeon (9/15)             Temple (1/1) D:4           Sewer (visited)
   Lair: D:8-11         Orc: D:9-12

Altars:
Ashenzari
Cheibriados
Dithmenos
Fedhas
Gozag
Hepliaklqana
Kikubaaqudgha
Makhleb
Nemelex Xobeh
Okawaru
Qazlal
Ru
Sif Muna
Trog
Wu Jian
Xom
Yredelemnul
Zin
The Shining One

Shops:
D:4 (([([   D:6 (   D:8 :

Annotations:
D:2 1 runed translucent door, Crazy Yiuf


Innate Abilities, Weirdness & Mutations

You are a hulking beast.
Your limbs bulge with bestial killing power. (Slay +4)
You cannot wear most types of armour.
You are amphibious.
You can wear up to eight rings at the same time.
Your skin changes colour to match your surroundings (Stealth+).
Your rubbery body absorbs attacks. (AC +1, EV +1)
Your casting is slightly disrupted.
You are somewhat unskilled. (-1 Apt)
((You are camouflaged when in or above water. (Stealth+)))
You have tentacles for arms and can constrict up to eight enemies at once.


Message History

Found 16 gold pieces.
You now have 525 gold pieces (gained 16).
Found 12 gold pieces.
Found an escape hatch in the ceiling.
You now have 537 gold pieces (gained 12).
You start resting.
You hear the creaking of a very distant portcullis.
Unknown command.
Found a leather armour.
You open the door.
Found a stone staircase leading down.
Found a potion of lignification.
There is an open door here.
There is a stone staircase leading down here.
d - 3 potions of lignification (gained 1) HP restored.
You hear the creaking of a very distant portcullis.
A two-headed ogre comes into view.
It is wielding a +0 giant spiked club and a +0 giant club.
Unknown command.
a - a +0 sling (weapon)
You shoot a sling bullet.
The sling bullet barely misses the two-headed ogre.
You shoot a sling bullet.
The sling bullet barely misses the two-headed ogre.
You are now empty-tentacled.
You tentacle-slap the two-headed ogre.
The two-headed ogre is lightly wounded.
The two-headed ogre hits you with a +0 giant spiked club!!
The two-headed ogre hits you with a +0 giant club.
You bludgeon the two-headed ogre!
The two-headed ogre is moderately wounded.
The two-headed ogre hits you with a +0 giant spiked club!
The two-headed ogre hits you with a +0 giant club!!
* * * LOW HITPOINT WARNING * * *
You tentacle-slap the two-headed ogre.
The two-headed ogre is moderately wounded.
You bludgeon the two-headed ogre!
The two-headed ogre is heavily wounded.
The two-headed ogre hits you with a +0 giant spiked club!
You die...

...#.....~~....#.#.#
...#...........#[#O#
...#.............#.#
...#...........#...#
...#########'###.###
#......#
########..#.#.#
........>.#.#O#
####...###.#h#
#.#.#.....#
#..#.#.#.#### #.
#...#....# .
###.####.# #.
#....#.# ####...#
###.# ###


You could see a two-headed ogre.

Vanquished Creatures
  Maurice (D:9)
  A merfolk (D:7)
  3 water elementals (D:7)
  Menkaure (D:7)
  A water moccasin (D:8)
  Pargi (Sewer)
  2 sky beasts
  4 black bears
  5 ice beasts
  2 ogres
  A centaur (D:9)
  2 kobold brigands
  A brain worm (Sewer)
  A gnoll sergeant (D:7)
  4 scorpions
  8 wights (D:8)
  3 killer bees (D:9)
  3 howler monkeys
  2 electric eels (D:7)
  3 gnoll boudas
  3 hounds
  An orc priest (D:5)
  A jelly (D:6)
  2 iguanas (D:6)
  Robin (D:4)
  11 adders
  26 gnolls
  2 worms (D:2)
  5 dart slugs
  30 orcs
  4 bats
  10 endoplasms
  4 giant cockroaches
  19 goblins
  9 hobgoblins
  19 jackals
  4 quokkas
  11 ball pythons
  8 frilled lizards
  13 kobolds
  10 rats
242 creatures vanquished.

Vanquished Creatures (others)
  A kobold (D:9)
1 creature vanquished.

Grand Total: 243 creatures vanquished

Notes
Turn   | Place    | Note
-------+----------+-------------------------------------------
     0 | D:1      | LeprechaunX the Octopode Shapeshifter began the quest for
                  | the Orb.
     0 | D:1      | Reached XP level 1. HP: 13/13 MP: 1/1
   124 | D:1      | Reached XP level 2. HP: 18/18 MP: 2/2
   340 | D:1      | Found a faded altar of an unknown god.
   789 | D:1      | Reached XP level 3. HP: 18/23 MP: 3/3
  1323 | D:2      | Reached XP level 4. HP: 13/29 MP: 4/4
  1330 | D:2      | Reached skill level 4 in Shapeshifting
  1725 | D:2      | You fall into a shaft and drop 1 floor!
  1952 | D:2      | Identified the +0 ring mail "Vipson" {Will+ Int+3}
  2269 | D:2      | Found a runed translucent door.
  2270 | D:2      | Noticed Crazy Yiuf
  2509 | D:3      | Reached XP level 5. HP: 35/35 MP: 5/5
  3132 | D:4      | Found Zariquhec's Armour Shop.
  3266 | D:4      | Found a staircase to the Ecumenical Temple.
  3316 | D:4      | Found Zol Xoubb's Weapon Emporium.
  3355 | D:4      | Found Pahau's Antique Weapon Shoppe.
  3375 | D:4      | Found Exeleuph's Weapon Shop.
  3393 | D:4      | Found Fizux's Armour Shop.
  3394 | D:4      | Noticed Robin
  3411 | D:4      | Killed Robin
  3466 | D:4      | Reached XP level 6. HP: 41/41 MP: 6/6
  3516 | D:4      | Found an ornate altar of the Wu Jian Council.
  3582 | Temple   | Entered the Ecumenical Temple
  3604 | D:5      | Entered Level 5 of the Dungeon
  3607 | D:5      | Reached skill level 5 in Shapeshifting
  3657 | D:5      | Noticed an ice beast
  3664 | D:5      | Killed an ice beast
  3671 | D:5      | Noticed an ice beast
  3678 | D:5      | Noticed a black bear
  3682 | D:5      | Killed a black bear
  3683 | D:5      | Reached XP level 7. HP: 46/46 MP: 7/7
  4024 | D:5      | Found an opulent altar of Gozag.
  4025 | D:5      | Found a sacrificial altar of Ru.
  4027 | D:5      | Found a burning altar of Makhleb.
  4028 | D:5      | Found a glowing golden altar of the Shining One.
  4031 | D:5      | Found a hazy altar of Hepliaklqana.
  4032 | D:5      | Found an iron altar of Okawaru.
  4037 | D:5      | Became a worshipper of Ru the Awakened
  4045 | D:5      | Reached skill level 6 in Shapeshifting
  4146 | D:5      | Reached skill level 5 in Unarmed Combat
  4367 | D:5      | Reached XP level 8. HP: 51/54 MP: 8/8
  4635 | D:5      | Reached skill level 7 in Shapeshifting
  4927 | D:6      | Found a glowing drain.
  4931 | Sewer    | Entered a sewer
  4937 | Sewer    | Gained mutation: You are somewhat unskilled. (-1 Apt) [Ru
                  | sacrifice]
  4937 | Sewer    | Reduced skill Dodging to level 1
  4937 | Sewer    | Reduced skill Shapeshifting to level 6
  4937 | Sewer    | Reached * piety under Ru
  5043 | Sewer    | Noticed Pargi
  5066 | Sewer    | Killed Pargi
  5234 | D:6      | Reached skill level 1 in Throwing
  5562 | D:6      | Reached skill level 7 in Shapeshifting
  5562 | D:6      | Reached XP level 9. HP: 58/60 MP: 9/9
  5701 | D:6      | Reached skill level 5 in Fighting
  5829 | D:6      | Found Liho's Weapon Shop.
  6441 | D:7      | Reached skill level 1 in Ranged Weapons
  6710 | D:7      | Reached skill level 1 in Evocations
  6921 | D:7      | Noticed a merfolk
  6942 | D:7      | Killed a merfolk
  7413 | D:7      | Gained mutation: Your casting is slightly disrupted. [Ru
                  | sacrifice]
  7413 | D:7      | Reached ** piety under Ru
  7634 | D:7      | Reached skill level 8 in Shapeshifting
  7634 | D:7      | Reached XP level 10. HP: 38/68 MP: 10/10
  7918 | D:7      | Noticed Menkaure
  7926 | D:7      | Killed Menkaure
  8263 | D:8      | Found a broken altar of Ashenzari.
  9097 | D:8      | Found Anlemm's Tremendous Tomes.
  9133 | D:8      | Identified the +0 quarterstaff of Qyiclimu {heavy, rElec
                  | rN+ Will- Int+4}
  9609 | D:9      | Noticed Maurice
  9703 | D:9      | Killed Maurice
  9902 | D:9      | Noticed a two-headed ogre
  9915 | D:9      | Slain by a two-headed ogre

Illustrated notes

Levels and vault maps discovered:
D:1:      dpeg_arrival_leaves_temple_mockup, layout_loops_corners,
          hellmonk_ecumenical_altar_slurped_away, minmay_box_of_dots
D:2:      minmay_recursive_quarters, layout_loops_ring, minmay_puff,
          uniq_crazy_yiuf_cottage
D:3:      layout_basic, supply_closet_lemuel
D:4:      layout_rooms, nzn_wu_jian_council_hall, minmay_temple_entry_wispy,
          serial_shops, shop_statue, nicolae_shop_trees,
          nicolae_shop_back_alley_shop, nicolae_shop_tiny_waterfront, shop,
          minmay_distorted, uniq_robin
D:5:      lemuel_castle_with_subvaults [lemuel_castle_interior_carwin_3],
          layout_rooms, grunt_temple_overflow_open, uniq_eustachio
D:6:      layout_basic, serial_shops, shop,
          mainiacjoe_sewer_entry_somewhere_in_here_2
D:7:      layout_basic, serial_bayou_pond_c, nicolae_rank_and_phial,
          uniq_menkaure
D:8:      layout_layer_cave, ashenzari_altar_1, nicolae_shop_i_like_big_books
D:9:      cheibrodos_elevator_heist, layout_basic, enter_bailey_5, uniq_maggie,
          uniq_maurice, uniq_erica
Temple:   bh_familiar_temple

Skill      XL: |  1  2  3  4  5  6  7  8  9 10 |
---------------+-------------------------------+-----
Fighting       | 2 3 4 5 6 |  6.2
Shapeshifting  | 4 5 6 7 8 |  8.6
Unarmed Combat | 4 5 6 |  6.0
Dodging        | 1 3 4 |  4.0
Throwing       | 1 3 |  3.0
Ranged Weapons | 2 |  2.0
Evocations     | 2 3 |  3.6

Action                     |  1- 3 |  4- 6 |  7- 9 | 10-12 || total
---------------------------+-------+-------+-------+-------++-------
  Melee: Unarmed           |    55 |    80 |   136 |    42 ||   313
         Constrict         |    18 |    21 |    31 |    10 ||    80
         Tentacles         |    11 |    14 |    39 |     9 ||    73
         Punch             |     3 |     2 |     3 |     2 ||    10
   Fire: Sling             |    16 |    55 |   196 |    45 ||   312
 Invoke: Sacrifice Skill   |       |       |     1 |       ||     1
         Sacrifice Essence |       |       |     1 |       ||     1
  Evoke: Wand              |       |       |     2 |     3 ||     5
   Stab: Sleeping          |     7 |     5 |     5 |       ||    17
         Distracted        |       |     1 |     1 |       ||     2
 Armour: Skin              |    22 |    31 |    95 |    35 ||   183
  Dodge: Dodged            |    32 |    50 |   106 |    20 ||   208

Table legend: (Time is in decaauts)
 A = Elapsed time spent in this place.
 B = Non-inter-level travel time spent in this place.
 C = Inter-level travel time spent in this place.
 D = Time resting spent in this place.
 E = Time spent auto-exploring this place.
 F = Levels seen in this place.
 G = Mean time per level.
                   A        B        C        D        E       F      G
               +--------+--------+--------+--------+--------+-----+--------+
         Total |   9972 |   9573 |    399 |   1293 |   6582 |  11 |  906.5 |
       Dungeon |   9695 |   9296 |    399 |   1293 |   6408 |   9 | 1077.2 |
        Temple |      1 |      1 |      0 |      0 |      0 |   1 |    1.0 |
         Sewer |    275 |    275 |      0 |      0 |    174 |   1 |  275.0 |
               +--------+--------+--------+--------+--------+-----+--------+

Top non-repeatable levels by time:
     D:7: 1920 daAuts
     D:8: 1525 daAuts
     D:2: 1286 daAuts
     D:5: 1243 daAuts
     D:1: 1102 daAuts
     D:6: 1082 daAuts
     D:3: 694 daAuts
     D:4: 609 daAuts
   Sewer: 275 daAuts
     D:9: 231 daAuts
  Temple: 1 daAuts
